 Dungeon Crawl Stone Soup version 0.15-a0-1471-g7d01089 (console) character file.

12285 Sabretooth the Ripper (level 11, -2/57 HPs)
             Began as a Felid Berserker on June 12, 2014.
             Was the Champion of Trog.
             Slain by a shark (21 damage)
             ... on Level 8 of the Lair of Beasts.
             The game lasted 00:42:29 (6785 turns).

Sabretooth the Ripper (Felid Berserker)             Turns: 6785, Time: 00:42:30

HP  -2/57        AC  7     Str 17      XL: 11   Next: 60%
MP  28/28        EV 28     Int  9      God: Trog [******]
Gold 231         SH  0     Dex 15      Spells:  0 memorised, 10 levels left
Lives: 0, deaths: 3

rFire  + . .     SeeInvis +       - Unarmed
rCold  + . .     Clarity  .     (armour unavailable)
rNeg   . . .     rCorr    .     (shield unavailable)
rPois  .         rRot     .     (helmet unavailable)
rElec  .         Spirit   .     (cloak unavailable)
SustAb .         Warding  .     (gloves unavailable)
rMut   .         Stasis   .     (boots unavailable)
Gourm  .                        r - amulet of faith
MR     +....                    x - ring of protection from fire
                                k - ring of magical power

@: lethally poisoned, quick, somewhat resistant to hostile enchantments,
unstealthy
A: paw claws, no armour, no weapons or thrown items, fangs 3, rough black scales
1, see invisible, carnivore 3, speed 1, high mp 1, sense surroundings 1, shaggy
fur 3, slow metabolism 1, wild magic 1, jump 3
a: Jump Attack, Burn Spellbooks, Berserk, Trog's Hand, Brothers in Arms,
Renounce Religion


You were on level 8 of the Lair of Beasts.
You worshipped Trog.
Trog was exalted by your worship.
You were not hungry.

You visited 2 branches of the dungeon, and saw 18 of its levels.
You also visited: Sewer and Ice Cave.

You collected 619 gold pieces.
You spent 388 gold pieces at shops.

Inventory:

Magical devices
 l - a wand of digging (12)
 D - a wand of disintegration (11)
 E - a wand of polymorph (4)
 G - a wand of draining (2)
Comestibles
 c - 7 meat rations
 q - 7 beef jerkies
Scrolls
 a - 6 scrolls of remove curse
 b - 3 scrolls of noise
 f - 2 scrolls of magic mapping
 g - a scroll of enchant weapon I {unknown}
 h - 2 scrolls of fog
 i - 4 scrolls of blinking {unknown}
 n - a scroll of recharging {unknown}
 o - 4 scrolls of teleportation {unknown}
 p - a scroll of random uselessness {unknown}
 v - 2 scrolls of holy word {unknown}
 w - 2 scrolls of fear
 y - 2 scrolls of amnesia {unknown}
 z - a scroll of enchant weapon III {unknown}
 B - a scroll of summoning {unknown}
 K - 3 scrolls of acquirement {unknown}
 L - a scroll of vulnerability {unknown}
Jewellery
 k - a ring of magical power (left paw)
 r - an amulet of faith (around neck)
 t - an uncursed ring of teleportation
 x - a ring of protection from fire (right paw)
Potions
 d - 2 potions of magic
 e - 2 potions of flight
 j - a potion of brilliance
 m - a potion of berserk rage
 s - 3 potions of curing
 u - a potion of lignification
 A - 3 potions of heal wounds
 H - 2 potions of haste
 I - a potion of mutation
Books
 F - a book of Changes

   Spells                             Type                      Level
   Beastly Appendage                  Transmutation                1
   Sticks to Snakes                   Transmutation                2
   Spider Form                        Transmutation/Poison         3
   Ice Form                           Ice/Transmutation            4
   Blade Hands                        Transmutation                5
   Trog disapproves of the use of such an item.


   Skills:
 - Level 12.1 Fighting
 - Level 13.9 Dodging
 + Level 15.7 Unarmed Combat


You had 10 spell levels left.
You didn't know any spells.

Dungeon Overview and Level Annotations

Branches:
Dungeon (10/15)            Temple (0/1) D:6            Lair (8/8) D:10
  Snake (0/5) Lair:4
    Orc: D:9-12       Swamp: Lair:3-6    Shoals: Lair:3-6    Spider: Lair:3-6
  Slime: Lair:6-8

Altars:
Kikubaaqudgha
Sif Muna
Vehumet
Zin

Shops:
D:7 =:   D:9 (}*[


Innate Abilities, Weirdness & Mutations

You cannot wear armour.
You are incapable of wielding weapons or throwing items.
Your paws have sharp claws.
You have razor-sharp teeth.
You have supernaturally acute eyesight.
You are carnivorous and can eat meat at any time.
You cover ground quickly.
Your thick and shaggy fur keeps you warm (AC +3, rC+).
You have a slow metabolism.
You can jump attack at a long distance.
You are partially covered in rough black scales (AC +4, Dex -1).
You have an increased reservoir of magic (+10% MP).
You passively map a small area around you.
Your spells are a little harder to cast, but a little more powerful.


Message History

The giant frog corpse is consumed in a column of flame.
Trog is exalted by your worship.
You feel sick.
Your troll bites the big fish!
Your troll claws the big fish.
Your troll claws the big fish!!
The big fish dies!
Trog accepts your collateral kill.
A giant frog comes into view.
You enter the shallow water.
Moving in this stuff is going to be slow.
You feel sick.
You feel sick.
Your skin stops crawling.
You feel less resistant to hostile enchantments.
Your troll bites the giant frog!
Your troll claws the giant frog.
Your troll barely misses the giant frog.
The shark misses you. The shark bites you.
You scratch the shark but do no damage. You claw the shark!
The shark is heavily wounded.
You feel sick. The giant frog hits you. The shark bites you!!
You die...

##................
.................. ,
###........PP.......
....#.P...P......≈....P.
.P...........PP.≈.≈..≈P≈
##P.........PPP≈...≈≈≈≈.≈
*............P...≈≈≈;≈≈≈≈
≈
..P..#........≈.P≈≈≈P≈≈≈
...#..#.......P@;≈≈.≈≈≈≈
, .,#.#......≈≈TPF≈P≈≈P≈.
, ##.#........≈≈≈≈≈PP≈≈ ,
≈ ....P.....≈;≈≈≈≈.≈≈. ,
...P....P≈.≈≈≈≈≈≈≈≈. ≈
P.P.#.....≈PP≈≈≈P≈ ≈
.......≈≈≈≈≈≈≈≈≈ ≈ ; , ,
.....≈≈≈≈≈≈≈ , ≈P≈≈≈≈ ≈


You could see 3 sharks, a giant frog and a friendly troll (berserk).

Vanquished Creatures
  A hydra (Lair:7)
  A centaur warrior (D:9)
  2 ice statues (IceCv)
  Pikel (D:6)
  4 black mambas
  20 elephants
  9 spiny frogs
  2 fire drakes
  3 komodo dragons
  5 blue devils (IceCv)
  3 giant leeches (Lair:8)
  A troll (D:9)
  Prince Ribbit (D:8)
  2 blink frogs (Lair:8)
  A basilisk (Lair:7)
  2 sharks (Lair:8)
  2 wyverns
  20 yaks
  A hungry ghost (D:9)
  9 wolves (Lair:1)
  2 hippogriffs
  Menkaure (D:6)
  A vampire mosquito (Lair:8)
  2 wargs (D:10)
  6 water moccasins
  4 porcupines
  A swamp drake (Lair:6)
  A slave (D:6)
  Purgy (Sewer)
  2 ice beasts
  2 black bears
  A boring beetle (D:9)
  An orc warrior (D:10)
  A sky beast (D:5)
  6 crocodiles
  3 ogres
  Duvessa (D:8)
  Blork the orc (D:6)
  16 giant frogs
  3 scorpions
  7 wights
  A yak zombie (D:10)
  2 electric eels (Lair:8)
  A crimson imp (D:10)
  Dowan (D:8)
  A goliath beetle (D:7)
  13 hounds
  An orc priest (D:10)
  2 jellies (D:10)
  2 big fish (Lair:8)
  A quasit (D:10)
  4 iguanas
  6 orc wizards
  3 worker ants
  7 gnolls
  10 adders
  26 green rats
  A giant mite (D:6)
  12 white imps (Lair:8)
  A shadow imp (D:6)
  3 worms
  An orc zombie (D:9)
  2 giant geckos
  19 orcs
  5 hobgoblins
  12 jackals
  3 kobolds
  4 quokkas
  4 ball pythons
  10 bats
  A giant cockroach (D:1)
  5 giant newts
  3 goblins
  14 rats
  A rat skeleton (D:5)
  A fungus (Lair:7)
336 creatures vanquished.

Vanquished Creatures (collateral kills)
  Gastronok (D:8)
  An ice devil (IceCv)
  Joseph (D:8)
  A necromancer (IceCv)
  2 spiny frogs (Lair:8)
  4 blue devils (IceCv)
  A shark (Lair:8)
  A hippogriff (Lair:8)
  Edmund (D:9)
  2 giant frogs (Lair:8)
  A wight (D:8)
  An electric eel (Lair:8)
  A big fish (Lair:8)
  A worker ant (D:8)
  A shadow imp (D:8)
20 creatures vanquished.

Vanquished Creatures (others)
  A rat (D:6)
  7 fungi (Lair:7)
  4 plants (Lair:7)
12 creatures vanquished.

Grand Total: 368 creatures vanquished

Notes
Turn   | Place    | Note
--------------------------------------------------------------
     0 | D:1      | Sabretooth, the Felid Berserker, began the quest for the Orb.
     0 | D:1      | Reached XP level 1. HP: 10/10 MP: 2/2
   235 | D:2      | Reached XP level 2. HP: 14/14 MP: 3/3
   404 | D:3      | Gained mutation: You passively map a small area around you. [potion of beneficial mutation]
   510 | D:4      | Reached XP level 3. HP: 8/17 MP: 5/5
   513 | D:4      | Acquired Trog's second power
   582 | D:4      | Reached skill level 5 in Unarmed Combat
   582 | D:4      | Reached XP level 4. HP: 14/21 MP: 7/7
   696 | D:4      | Reached XP level 5. HP: 6/24 MP: 8/8
   731 | D:4      | Found a glowing silver altar of Zin.
   749 | D:5      | Entered Level 5 of the Dungeon
   843 | D:5      | Reached skill level 6 in Unarmed Combat
   887 | D:5      | Noticed a sky beast
   988 | D:5      | Killed a sky beast
   988 | D:5      | Reached skill level 7 in Unarmed Combat
   988 | D:5      | Gained mutation: You are covered in thick fur (AC +2). [growing up]
   988 | D:5      | Gained mutation: You can jump attack at a medium distance. [growing up]
   988 | D:5      | Reached XP level 6. HP: 18/28 MP: 10/10
  1161 | D:6      | Found a glowing drain.
  1184 | Sewer    | Entered a sewer
  1210 | Sewer    | Noticed Purgy
  1221 | Sewer    | Killed Purgy
  1310 | D:6      | Noticed Blork the orc
  1343 | D:6      | Killed Blork the orc
  1343 | D:6      | Reached skill level 5 in Dodging
  1442 | D:6      | Noticed a slave
  1443 | D:6      | Noticed a slave
  1446 | D:6      | Noticed a slave
  1447 | D:6      | Noticed a slave
  1447 | D:6      | Noticed Pikel
  1484 | D:6      | Killed a slave
  1491 | D:6      | Killed Pikel
  1491 | D:6      | Reached skill level 8 in Unarmed Combat
  1491 | D:6      | Reached XP level 7. HP: 10/31 MP: 12/12
  1518 | D:6      | Reached XP level 8. HP: 25/34 MP: 13/13
  1533 | D:6      | Found a deep blue altar of Sif Muna.
  1604 | D:6      | Found a staircase to the Ecumenical Temple.
  1709 | D:7      | Found Prarham's Jewellery Boutique.
  1713 | D:7      | Bought a cursed ring of teleportation for 188 gold pieces
  1746 | D:7      | Found an ancient bone altar of Kikubaaqudgha.
  1779 | D:7      | Found a deep blue altar of Sif Muna.
  1882 | D:7      | Found a radiant altar of Vehumet.
  1939 | D:6      | Noticed Menkaure
  1986 | D:6      | Killed Menkaure
  1986 | D:6      | Reached skill level 9 in Unarmed Combat
  2091 | D:8      | Noticed Gastronok
  2108 | D:8      | Noticed Duvessa
  2109 | D:8      | Noticed Dowan
  2116 | D:8      | Killed Duvessa
  2121 | D:8      | Killed Dowan
  2121 | D:8      | Acquired Trog's third power
  2172 | D:9      | Found Udouq's Antique Armour Shop.
  2177 | D:10     | Entered Level 10 of the Dungeon
  2287 | D:9      | Noticed Edmund
  2295 | D:9      | Killed Edmund
  2346 | D:9      | Found Blaevaigh's Assorted Antiques.
  2358 | D:9      | Bought a scroll labeled NUG AMEPNILY for 25 gold pieces
  2358 | D:9      | Bought a scroll labeled SEOPHE WAETS for 25 gold pieces
  2366 | D:8      | Noticed Prince Ribbit
  2387 | D:8      | Killed Prince Ribbit
  2387 | D:8      | Reached skill level 10 in Dodging
  2387 | D:8      | Reached skill level 10 in Unarmed Combat
  2387 | D:8      | Reached XP level 9. HP: 37/37 MP: 15/15
  2564 | D:8      | Killed Gastronok
  2564 | D:8      | Reached skill level 11 in Dodging
  2620 | D:8      | Noticed Joseph
  2631 | D:8      | Killed Joseph
  2848 | D:8      | Gained mutation: You have an increased reservoir of magic (+10% MP). [potion of mutation]
  2848 | D:8      | Gained mutation: You are partially covered in rough black scales (AC +4, Dex -1). [potion of mutation]
  2848 | D:8      | Gained mutation: Your spells are a little harder to cast, but a little more powerful. [potion of mutation]
  2853 | D:9      | Found a glowing silver altar of Zin.
  2898 | D:9      | Found Mnok's Antique Weapon Boutique.
  2926 | D:9      | Found Mnyirrep's Gadget Boutique.
  3039 | D:9      | Reached skill level 12 in Dodging
  3106 | D:9      | Noticed a troll
  3125 | D:9      | Killed a troll
  3125 | D:9      | Reached XP level 10. HP: 36/42 MP: 18/18
  3194 | D:9      | Noticed a centaur warrior
  3209 | D:9      | Killed a centaur warrior
  3211 | D:9      | Noticed a frost giant
  3298 | D:7      | Found Shrerphuyl's Book Emporium.
  3451 | D:9      | Bought a glowing cabochon ring for 125 gold pieces
  3451 | D:9      | Bought a scroll labeled GASHRE CAPU for 25 gold pieces
  3550 | D:10     | Reached skill level 13 in Dodging
  3687 | D:10     | Found a staircase to the Lair.
  3870 | Lair:1   | Entered Level 1 of the Lair of Beasts
  3899 | Lair:1   | Upgraded the game from 0.15-a0-1439-g2e54579 to 0.15-a0-1471-g7d01089
  3905 | Lair:1   | Noticed a black mamba
  3925 | Lair:1   | Killed a black mamba
  4027 | Lair:1   | Reached XP level 11. HP: 34/46 MP: 19/19
  4039 | Lair:1   | Reached skill level 5 in Fighting
  4263 | Lair:3   | HP: 2/48 [yak (13)]
  4395 | Lair:2   | Noticed a black mamba
  4400 | Lair:2   | Killed a black mamba
  4805 | Lair:4   | Slain by a spiny frog
  4806 | Lair:4   | Reached XP level 10. HP: -3/72 MP: 27/27
  4966 | Lair:4   | HP: 3/72 [poisoned by a spiny frog]
  4968 | Lair:4   | HP: 1/72 [poisoned by a spiny frog]
  4969 | Lair:4   | Succumbed to a spiny frog's poison
  4970 | Lair:4   | Reached XP level 9. HP: -1/66 MP: 25/25
  5023 | Lair:4   | Found a staircase to the Snake Pit.
  5171 | Lair:6   | Noticed a komodo dragon
  5185 | Lair:6   | Killed a komodo dragon
  5185 | Lair:6   | Reached XP level 10. HP: 49/49 MP: 18/18
  5209 | Lair:6   | Noticed a spiny frog
  5241 | Lair:6   | Killed a spiny frog
  5304 | Lair:7   | Noticed a four-headed hydra
  5313 | Lair:7   | Killed a four-headed hydra
  5336 | Lair:6   | Noticed a catoblepas
  5365 | Lair:6   | Noticed a death yak
  5433 | Lair:7   | Noticed an elephant
  5444 | Lair:7   | Killed an elephant
  5452 | Lair:7   | Noticed an elephant
  5466 | Lair:7   | Killed an elephant
  5503 | Lair:7   | Noticed an elephant
  5513 | Lair:7   | Killed an elephant
  5531 | Lair:7   | Noticed an elephant
  5541 | Lair:7   | Killed an elephant
  5557 | Lair:7   | Noticed an elephant
  5558 | Lair:7   | Noticed an elephant
  5561 | Lair:7   | Noticed an elephant
  5585 | Lair:7   | Killed an elephant
  5590 | Lair:7   | Killed an elephant
  5594 | Lair:7   | Killed an elephant
  5594 | Lair:7   | Reached skill level 10 in Fighting
  5610 | Lair:7   | Reached XP level 11. HP: 19/54 MP: 19/19
  5628 | Lair:7   | Noticed an elephant
  5642 | Lair:7   | Killed an elephant
  5646 | Lair:7   | Noticed an elephant
  5661 | Lair:7   | Killed an elephant
  5661 | Lair:7   | Reached skill level 14 in Unarmed Combat
  5665 | Lair:7   | Noticed an elephant
  5676 | Lair:7   | Killed an elephant
  5767 | Lair:7   | Noticed an elephant
  5775 | Lair:7   | Killed an elephant
  5791 | Lair:7   | Noticed an elephant
  5797 | Lair:7   | Noticed an elephant
  5798 | Lair:7   | Noticed an elephant
  5803 | Lair:7   | Noticed an elephant
  5809 | Lair:7   | Noticed an elephant
  5814 | Lair:7   | Killed an elephant
  5819 | Lair:7   | Killed an elephant
  5824 | Lair:7   | Killed an elephant
  5828 | Lair:7   | Killed an elephant
  5835 | Lair:7   | Killed an elephant
  5858 | Lair:7   | Noticed an elephant
  5870 | Lair:7   | Killed an elephant
  5907 | Lair:8   | Entered Level 8 of the Lair of Beasts
  6270 | Lair:8   | Reached skill level 15 in Unarmed Combat
  6270 | Lair:8   | Gained mutation: Your thick and shaggy fur keeps you warm (AC +3, rC+). [growing up]
  6270 | Lair:8   | Gained mutation: You can jump attack at a long distance. [growing up]
  6270 | Lair:8   | Reached XP level 12. HP: 42/60 MP: 20/20
  6278 | Lair:8   | Found a frozen archway.
  6365 | IceCv    | Entered an ice cave
  6525 | IceCv    | Got a pitted cloak
  6717 | Lair:8   | Slain by a shark
  6718 | Lair:8   | Reached XP level 11. HP: -4/57 MP: 28/28
  6785 | Lair:8   | Slain by a shark

Action                   |  1- 3 |  4- 6 |  7- 9 | 10-12 || total
-------------------------+-------+-------+-------+-------++-------
Melee: Unarmed           |    53 |   114 |   238 |   806 ||  1211
Invok: Berserk           |     4 |     6 |    13 |    24 ||    47
       Trog's Hand       |       |     4 |     5 |    22 ||    31
       Brothers in Arms  |       |       |     3 |     2 ||     5
Evoke: Wand              |       |     2 |     2 |    10 ||    14
  Use: Scroll            |     2 |     3 |     5 |    10 ||    20
       Potion            |     1 |       |     1 |     1 ||     3
 Stab: Sleeping          |     2 |     1 |     2 |     1 ||     6
